 Dungeon Crawl Stone Soup version 0.30.0-5-g1a98f26d00 (webtiles) character file.

Game seed: 5323003326489992605

32 Foic the Sneak (level 3, 0/15 HPs)
             Began as a Felid Enchanter on May 8, 2023.
             Slain by an adder (3 damage)
             ... on level 2 of the Dungeon.
             The game lasted 00:07:56 (1009 turns).

Foic the Sneak (Felid Enchanter)                    Turns: 1009, Time: 00:07:57

Health: 0/15       AC:  3    Str:  1 (4)  XL:     3   Next: 8%
Magic:  7/7        EV: 17    Int: 14 (16) God:
Gold:   51         SH:  0    Dex: 16 (18) Spells: 0/6 levels left
                                        Lives:  0   Deaths: 0

rFire   . .          .
                       - Unarmed
rCold   . . .        (shield unavailable)
rNeg    . . .        (body armour unavailable)
rPois   .            (helmet unavailable)
rElec   .            (cloak unavailable)
rCorr   .            (gloves unavailable)
SInv    +            (boots unavailable)
Will    +....        (no amulet)
Stlth   +++          (no ring)
HPRegen 0.22/turn    (no ring)
MPRegen 0.10/turn

%: no passive effects
@: quick
A: very small, claws 1, fangs 3, see invisible, speed 1, shaggy fur 1, stealthy
paws, no weapons or thrown items, no armour, multi-lived, iridescent scales 1,
strong-willed 1
a: no special abilities


You were on level 2 of the Dungeon.
You visited 1 branch of the dungeon, and saw 2 of its levels.

You collected 51 gold pieces.

Inventory:

Missiles
 g - 5 stones
Scrolls
 b - 2 scrolls of teleportation {unknown}
 d - a scroll of vulnerability {unknown}
 e - 3 scrolls of identify {unknown}
 h - a scroll of enchant weapon {unknown}
 j - a scroll of magic mapping {unknown}
Potions
 a - a potion of invisibility


   Skills:
 + Level 0.5 Fighting
 + Level 3.0 Dodging
 * Level 4.9 Stealth
 + Level 1.3 Unarmed Combat
 + Level 2.2 Spellcasting
 + Level 4.5 Hexes


You couldn't memorise any spells.
You knew the following spells:

 Your Spells              Type           Power      Damage    Failure   Level
a - Confusing Touch       Hex            14%        N/A       11%         3
b - Tukima's Dance        Hex            14%        N/A       11%         3

Your spell library contained the following spells:

 Spells                   Type           Power      Damage    Failure   Level
 Ensorcelled Hibernation  Hex/Ice        14%        N/A       14%         2
 Dazzling Flash           Conj/Hex       14%        N/A       26%         3
 Cigotuvi's Dreadful Rot  Necr/Pois/Air  2%         N/A       34%         2
 Dispel Undead            Necr           1%         3d6       93%         4
 Death Channel            Necr           0%         N/A       100%        6


Dungeon Overview and Level Annotations

Branches:
Dungeon (2/15)

Altars:

Annotations:
D:1 2 transporters


Innate Abilities, Weirdness & Mutations

You have sharp claws.
You have razor-sharp teeth.
You have supernaturally acute eyesight. (SInv)
You cover ground quickly. (Speed+)
You are covered in fur. (AC +1)
Your paws help you pounce on unaware monsters.
You are incapable of wielding weapons or throwing items.
You cannot wear armour.
You gain extra lives every three experience levels.
You are partially covered in iridescent scales. (AC +2)
You are strong-willed. (Will+)


Message History

The adder is lightly wounded.
The adder closely misses you.
You scratch the adder.
The adder is moderately wounded.
A worm comes into view.
Found a stone staircase leading down.
You flicker for a moment.
You flicker back into view.
You feel a little less clever now.
Found a sedimented yellow potion.
The adder completely misses you.
You scratch the adder but do no damage.
The adder is lightly wounded.
The adder barely misses you.
You scratch the adder but do no damage. Your bite misses the adder.
The adder is lightly wounded.
The adder closely misses you. The adder bites you.
You are poisoned.
The adder poisons you!
You closely miss the adder.
The adder is lightly wounded.
You feel sick. The adder closely misses you.
You miss the adder.
The adder is lightly wounded.
You feel sick. The adder closely misses you.
You closely miss the adder.
The adder is lightly wounded.
You feel sick. The adder closely misses you.
You barely miss the adder.
You feel sick. The adder barely misses you. The adder misses you.
You scratch the adder but do no damage.
You feel sick. The adder barely misses you.
You closely miss the adder.
You feel sick.
You are no longer poisoned.
The adder misses you.
You closely miss the adder. The adder bites you.
* * * LOW HITPOINT WARNING * * *
The adder bites you.
* * * LOW HITPOINT WARNING * * *
You barely miss the adder. Your bite misses the adder. The adder bites you.
You die...

.##########
..........###
..!.........#
......S@..#.#
.#######w.#.# #..#.#
#..#.#
######..#.############
#....................#
#.####....##########.#
#.....# #.# #..##.#
#.#


You could see a worm and an adder.

Vanquished Creatures
  2 dart slugs
  3 bats (D:1)
  An endoplasm (D:1)
  A giant cockroach (D:1)
  3 goblins (D:1)
  3 hobgoblins (D:1)
  2 jackals (D:1)
  A quokka (D:2)
  A frilled lizard (D:1)
  A kobold (D:1)
  8 rats (D:1)
26 creatures vanquished.

Notes
Turn   | Place    | Note
-------+----------+-------------------------------------------
     0 | D:1      | Foic the Felid Enchanter began the quest for the Orb.
     0 | D:1      | Reached XP level 1. HP: 7/7 MP: 4/4
    90 | D:1      | Reached XP level 2. HP: 11/11 MP: 6/6
   808 | D:2      | Reached XP level 3. HP: 15/15 MP: 7/7
   824 | D:2      | Learned a level 3 spell: Confusing Touch
   828 | D:2      | Learned a level 3 spell: Tukima's Dance
   955 | D:2      | Gained mutation: You are partially covered in iridescent
                  | scales. (AC +2) [potion of mutation]
   955 | D:2      | Gained mutation: You are strong-willed. (Will+) [potion of
                  | mutation]
  1009 | D:2      | Slain by an adder

Illustrated notes

Levels and vault maps discovered:
D:1:      spicycebolla_arrival_transporter_tutorial, layout_loops_corners
D:2:      layout_loops_ring

Skill      XL: |  1  2 |
---------------+-------+-----
Dodging        | 3 |  3.0
Fighting       | |  0.5
Stealth        | |  4.9
Unarmed Combat | |  1.3
Spellcasting   | |  2.2
Hexes          | |  4.5

Action                     || total
---------------------------++-------
  Melee: Unarmed           ||    91
         Bite              ||     4
         Punch             ||     1
   Cast: Confusing Touch   ||     2
    Use: Potion            ||     5
   Stab: Sleeping          ||     8
         Confused          ||     1
 Armour: Skin              ||     4
  Dodge: Dodged            ||    69
